 Dungeon Crawl Stone Soup version 0.14-a0-1637-gd423c14 (webtiles) character file.

573 Piginabag the Ducker (level 6, -4/43 HPs)
             Began as a Demonspawn Transmuter on Dec 27, 2013.
             Killed from afar by Dowan (9 damage)
             ... with a puff of frost
             ... on Level 4 of the Dungeon.
             The game lasted 00:24:42 (7296 turns).

Piginabag the Ducker (Demonspawn Transmuter)        Turns: 7296, Time: 00:24:43

HP  -4/43        AC  2     Str 12      XL: 6   Next: 61%
MP   9/13        EV 22     Int 15      God:
Gold 155         SH  0     Dex 18      Spells:  2 memorised,  7 levels left

rFire  . . .     SeeInvis .       - Unarmed
rCold  . . .     Clarity  .     c - melded +0 robe
rNeg   . . .     Conserve .     (shield currently unavailable)
rPois  x         rCorr    .     (helmet currently unavailable)
rElec  .         rRot     .     (cloak currently unavailable)
SustAb . .       Spirit   .     (gloves currently unavailable)
rMut   .         Warding  .     (boots currently unavailable)
Saprov . . .     Stasis   .     (no amulet)
                                (no ring)
                                (no ring)

@: spider-form, quick, slightly resistant to hostile enchantments, fairly
stealthy
A: (claws 0), (hooves 0), (horns 0)
a: End Transformation


You were on level 4 of the Dungeon.
You were hungry.
You were in spider-form.
You visited 1 branch of the dungeon, and saw 5 of its levels.

You collected 155 gold pieces.

Inventory:

Missiles
 b - 12 arrows
Armour
 c - a +0 robe (melded)
Comestibles
 a - 3 chunks of ogre flesh
 h - 6 grapes
 z - 12 strawberries
Scrolls
 g - 3 scrolls of identify
 k - 2 scrolls of remove curse {unknown}
 m - a scroll of amnesia {unknown}
 o - a scroll of fear {unknown}
 p - a scroll of curse weapon {unknown}
 r - a scroll of recharging {unknown}
 s - a scroll of blinking {unknown}
Jewellery
 q - an uncursed amulet of conservation
Potions
 e - 3 potions of flight {unknown}
 f - a potion of confusion {unknown}
 i - a potion of agility {unknown}
 j - 2 potions of paralysis
 n - 2 potions of restore abilities
 u - a potion of poison {unknown}
 v - a potion of lignification {unknown}
Books
 d - a book of Changes

   Spells                             Type                      Level
   *Beastly Appendage                 Transmutation                1
   Sticks to Snakes                   Transmutation                2
   *Spider Form                       Transmutation/Poison         3
   Ice Form                           Ice/Transmutation            4
   Blade Hands                        Transmutation                5


   Skills:
 + Level 1.6 Fighting
 + Level 3.8 Dodging
 + Level 0.8 Stealth
 + Level 3.4 Unarmed Combat
 + Level 3.4 Spellcasting
 + Level 3.0 Transmutations
 + Level 2.0 Poison Magic


You had 7 spell levels left.
You knew the following spells:

 Your Spells              Type           Power        Failure   Level  Hunger
a - Beastly Appendage     Trmt           ##....       21%         1    None
b - Spider Form           Trmt/Pois      ##........   45%         3    ###....


Dungeon Overview and Level Annotations

Branches:
Dungeon (5/16)
 Temple: D:4-7

Altars:
Sif Muna

Annotations:
D:3 Piginabag's ghost, average DsTm
D:4 Blork the orc; Dowan; Duvessa; Edmund; Menkaure
D:5 Piginabag's ghost, experienced DsTm


Innate Abilities, Weirdness & Mutations

((You have sharp fingernails.))*
((You have large cloven feet.))*
((You have a pair of small horns on your head.))*


Message History

You hit the bat.
The bat is poisoned.
The bat is moderately wounded.
The bat completely misses you.
You hit the bat.
You kill the bat!
Your transformation is almost over.
You start resting.
Duvessa is nearby!
You start resting.
Your transformation has ended.
You fall off the wall.
Your +0 robe unmelds from your body.
You start resting.
Casting: Spider Form
Confirm with . or Enter, or press ? or * to list all spells.
You turn into a venomous arachnid creature.
Your +0 robe melds into your body.
You are feeling hungry.
Dowan gestures at you while chanting. The puff of frost hits you!
You die...

.#####...## # .......#..#
.#####...## ## ##.## # #.# # #.#
######## ####### # #.# #......##
#.....# ## ##.###.....>.####
###....)# .#####...##.####s....##
#)......#
.......#..e.##........###........
.#####...##.##.#.................
###.###.###..e........####.##.##.
##...#### #..........## #.##.##.
#...# ####.#.###.### #.##.##.
#...# #()...)....# #.##.##. #.(.#
#(##.#..#..#######.......
##...####.##.##.#..##.....###.#..


You could see Dowan.

Vanquished Creatures
  2 ogres (D:4)
  A hound (D:4)
  An iguana (D:3)
  An orc wizard (D:4)
  A gnoll (D:3)
  3 adders
  An inept feature mimic (D:3)
  A worm (D:3)
  2 giant geckos
  2 oozes (D:1)
  9 orcs
  3 ball pythons
  11 bats
  12 goblins
  8 hobgoblins
  10 jackals
  15 kobolds
  3 quokkas
  2 giant cockroaches
  6 giant newts
  18 rats
112 creatures vanquished.

Notes
Turn   | Place    | Note
--------------------------------------------------------------
     0 | D:1      | Piginabag, the Demonspawn Transmuter, began the quest for the Orb.
     0 | D:1      | Reached XP level 1. HP: 15/15 MP: 3/3
   361 | D:1      | Reached skill level 3 in Unarmed Combat
   361 | D:1      | Gained mutation: You have large cloven feet. [demonic ancestry]
   361 | D:1      | Reached XP level 2. HP: 18/21 MP: 2/4
  1224 | D:1      | Reached XP level 3. HP: 17/26 MP: 4/6
  1711 | D:1      | Learned a level 3 spell: Spider Form
  2153 | D:2      | Found a deep blue altar of Sif Muna.
  2316 | D:2      | Gained mutation: You have a pair of small horns on your head. [demonic ancestry]
  2316 | D:2      | Reached XP level 4. HP: 27/32 MP: 1/8
  2924 | D:3      | Noticed Piginabag's ghost (average DsTm)
  2959 | D:4      | Noticed Blork the orc
  3435 | D:3      | Reached skill level 1 in Poison Magic
  4119 | D:4      | Noticed an ogre
  4285 | D:4      | Reached XP level 5. HP: 32/37 MP: 10/10
  4301 | D:4      | Noticed Dowan
  4309 | D:4      | Noticed Duvessa
  4318 | D:5      | Entered Level 5 of the Dungeon
  4318 | D:5      | Noticed a necrophage
  4331 | D:4      | Noticed Menkaure
  4348 | D:4      | Noticed an ogre
  4894 | D:4      | Noticed Edmund
  5159 | D:5      | Noticed Piginabag's ghost (experienced DsTm)
  6699 | D:4      | Killed an ogre
  6699 | D:4      | Gained mutation: You have sharp fingernails. [demonic ancestry]
  6699 | D:4      | Reached XP level 6. HP: 37/43 MP: 9/13
  7117 | D:4      | Killed an ogre
  7273 | D:5      | Noticed a sky beast
  7273 | D:5      | HP: 2/43 [Piginabag's ghost (8)]
  7296 | D:4      | Killed from afar by Dowan

Action                   |  1- 3 |  4- 6 || total
-------------------------+-------+-------++-------
Melee: Unarmed           |   179 |   218 ||   397
 Cast: Beastly Appendage |    27 |       ||    27
       Spider Form       |     5 |    41 ||    46
  Use: Potion            |       |     6 ||     6
       Scroll            |       |     4 ||     4
